 Dungeon Crawl Stone Soup version 0.29-a0-284-gf9362112df (webtiles) character file.

Game seed: 13621945738616437681

53 gzilladon the Chopper (level 3, 0/33 HPs)
             Began as a Hill Orc Monk on Mar 25, 2022.
             Slain by a worm (9 damage)
             ... on level 2 of the Dungeon.
             The game lasted 00:07:11 (1901 turns).

gzilladon the Chopper (Hill Orc Monk)               Turns: 1901, Time: 00:07:12

Health: 0/33       AC:  6    Str: 15    XL:     3   Next: 87%
Magic:  3/3        EV: 10    Int: 10    God:
Gold:   62         SH:  0    Dex: 13    Spells: 2/2 levels left

rFire   . . .      SeeInvis .   a - +0 hand axe
rCold   + . .      Faith    .   (no shield)
rNeg    . . .      Spirit   .   k - +0 scale mail
rPois   .          Reflect  .   (no helmet)
rElec   .          Harm     .   (no cloak)
rCorr   .          Rampage  .   (no gloves)
Will    .....                   (no boots)
Stlth   ..........              (no amulet)
HPRegen 0.11/turn               m - ring of protection from cold
MPRegen 0.08/turn               (no ring)

@: no status effects
A: no striking features
a: no special abilities


You were on level 2 of the Dungeon.
You visited 1 branch of the dungeon, and saw 2 of its levels.

You collected 62 gold pieces.

Inventory:

Hand Weapons
 a - a +0 hand axe (weapon)
Missiles
 p - 22 stones (quivered)
Armour
 b - a +0 robe
 k - a +0 scale mail (worn)
Magical Staves
 o - a staff of cold
Jewellery
 m - a ring of protection from cold (left hand)
Scrolls
 d - 3 scrolls of identify {unknown}
 e - 2 scrolls of teleportation {unknown}
 j - a scroll of torment {unknown}
 n - a scroll of magic mapping {unknown}
Potions
 c - 2 potions of ambrosia
 f - 2 potions of curing {unknown}
 g - a potion of might {unknown}
 h - a potion of haste {unknown}
 i - a potion of invisibility {unknown}
 l - a potion of mutation {unknown}


   Skills:
 + Level 4.0 Fighting
 + Level 5.4 Axes
 + Level 0.3 Armour
 + Level 2.6 Dodging
 + Level 1.8 Stealth


You had 2 spell levels left.
You didn't know any spells.
Your spell library contained the following spells:

 Spells                   Type           Power      Damage    Failure   Level
 Magic Dart               Conj           0%         1d3       83%         1
 Blink                    Tloc           0%         N/A       93%         2
 Call Imp                 Summ           0%         N/A       93%         2
 Lesser Beckoning         Tloc           0%         N/A       99%         3
 Mephitic Cloud           Conj/Pois/Air  0%         N/A       99%         3
 Manifold Assault         Tloc           0%         N/A       100%        5


Dungeon Overview and Level Annotations

Branches:
Dungeon (2/15)

Altars:

Shops:
D:1 *


Message History

The adder misses you. The adder bites you but does no damage.
You barely miss the adder.
The adder is heavily wounded.
The adder bites you.
You barely miss the adder.
The adder is heavily wounded.
The adder bites you. The adder closely misses you.
You hit the adder.
The adder is severely wounded.
The adder misses you.
You closely miss the adder.
The adder is heavily wounded.
The adder bites you.
You hit the adder.
The adder is severely wounded.
The adder barely misses you. x2
You slash the adder!
You kill the adder!
You see here an adder corpse.
A worm is nearby!
You start resting.
A worm is nearby!
There is a stone staircase leading down here.
You see here 24 stones.
A worm is nearby!
You see here a +0 dagger.
You see here a +0 hand axe.
You hit the worm.
The worm is lightly wounded.
The worm bites you!
You barely miss the worm.
The worm is lightly wounded.
You hit the worm.
The worm is moderately wounded.
The worm bites you.
* * * LOW HITPOINT WARNING * * *
You barely miss the worm.
The worm is moderately wounded.
The worm bites you!
You die...

#(....###...#...#####
####............#8###
#......#.###......
#).<..#..# #......
######.......## #......
#...........#######8##.
#.####............####.
#. ##.w....######## #8.
#.##..@....# ##.
#....#.....# #.
######.>...# #. #######
#8. ##. ## #


You could see a worm.

Vanquished Creatures
  An adder (D:2)
  5 ball pythons
  6 bats
  3 endoplasms
  3 giant cockroaches
  3 goblins
  3 hobgoblins
  5 jackals (D:2)
  A quokka (D:2)
  2 frilled lizards
  4 kobolds
  3 rats (D:1)
39 creatures vanquished.

Notes
Turn   | Place    | Note
-------+----------+-------------------------------------------
     0 | D:1      | gzilladon the Hill Orc Monk began the quest for the Orb.
     0 | D:1      | Reached XP level 1. HP: 19/19 MP: 1/1
    27 | D:1      | Found Feecacex's Assorted Antiques.
   388 | D:1      | Reached XP level 2. HP: 26/27 MP: 2/2
  1343 | D:2      | Reached XP level 3. HP: 25/33 MP: 3/3
  1523 | D:2      | Reached skill level 5 in Axes
  1901 | D:2      | Slain by a worm

Illustrated notes

Levels and vault maps discovered:
D:1:      minmay_arrival_nine_rooms, layout_loops_ring, serial_shops,
          nicolae_shop_crystal, dk_noncrumbling_2, minmay_misc_feat_tower,
          hangedman_abyss_or_decor_stabs
D:2:      layout_rooms, serial_corexii_hall, corexii_hall_statues_s,
          corexii_hall_statues_u, uniq_crazy_yiuf_cottage

Skill      XL: |  1  2  3 |
---------------+----------+-----
Fighting       | 4 |  4.0
Axes           | 5 |  5.4
Armour         | |  0.3
Dodging        | |  2.6
Stealth        | |  1.8

Action                   || total
-------------------------++-------
Melee: Hand axe          ||   136
Armor: Robe              ||     1
       Scale mail        ||    67
Dodge: Dodged            ||   111

Table legend: (Time is in decaauts)
 A = Elapsed time spent in this place.
 B = Non-inter-level travel time spent in this place.
 C = Inter-level travel time spent in this place.
 D = Time resting spent in this place.
 E = Time spent auto-exploring this place.
 F = Levels seen in this place.
 G = Mean time per level.
                   A        B        C        D        E       F      G
               +--------+--------+--------+--------+--------+-----+--------+
         Total |   1909 |   1627 |    282 |    314 |      0 |   2 |  954.5 |
       Dungeon |   1909 |   1627 |    282 |    314 |      0 |   2 |  954.5 |
               +--------+--------+--------+--------+--------+-----+--------+

Top non-repeatable levels by time:
     D:1: 1298 daAuts
     D:2: 610 daAuts
